[Event "Chhattisgarh Masters GM 2022"]
[Site "Chhattisgarh"]
[Date "2022.09.19"]
[Round "1.11"]
[White "Nitin, S.."]
[Black "Toshali, V."]
[Result "1-0"]
[ECO "A07"]
[WhiteElo "2416"]
[BlackElo "2101"]
[Annotator "TA"]
[PlyCount "69"]
[EventDate "2022.09.19"]
[EventCountry "IND"]
[SourceTitle "playchess.com"]
[Source "ChessBase"]
[SourceQuality "1"]
[TimeControl "5400+30"]

1. Nf3 d5 2. g3 c6 3. Bg2 Bg4 4. h3 Bh5 5. O-O Nd7 6. d3 Ngf6 7. Qe1 {[%emt 0:00:16] CPLX 2.1 23 (Nb1-d2) (=23) 7.c4 injects fresh life into this line. A07: Réti Opening: New York and Capablanca Systems.} e5 {[%emt 0:00:07] CPLX 2.1 5 (e7-e6) (=3)} 8. e4 {[%emt 0:00:14] BESTDEEP} dxe4 {[%emt 0:00:03] CPLX 2.4 8 (Bf8-c5) (=4)} 9. dxe4 {[%emt 0:00:09] RECAPT. The position is equal.} Bc5 {[%emt 0:00:50] CPLX 2.1 8 (a7-a5) (=5)} 10. a4 {[%emt 0:00:15] BESTDEEP} O-O {[%emt 0:00:09] CPLX 2.5 0 (Bh5xf3) (=4)} 11. Nbd2 {[%emt 0:01:38] BESTDEEP} Re8 {[%emt 0:00:33] CPLX 2.4 0 (Qd8-c7) (=4)} 12. Nh4 {[%emt 0:03:20] BESTDEEP} Qc7 {[%emt 0:01:07] CPLX 2.4 22 (Bc5-b4) (=6)} 13. Nc4 {[%emt 0:05:17] CPLX 2.4 25 (Nd2-b3) (=7)} Bf8 {[%emt 0:05:45] CPLX 2.7 30 (b7-b5) (=9) has lost popularity (13...Bg6).} 14. Bd2 {[%emt 0:03:27] CPLX 2.2 22 (Bc1-e3) (=9)} Nc5 {[%emt 0:19:19] BESTDEEP} 15. b3 {[%emt 0:10:19] CPLX 2.4 10 (b2-b4) (=9)} Nfd7 {[%emt 0:01:57] CPLX 2.4 24 (Ra8-d8) (=10)} 16. Nf5 {[%emt 0:06:12] [#] CPLX 2.3 24 (f2-f4) (=10)} Ne6 $146 {[%emt 0:08:50] CPLX 2.7 0 (f7-f6) (=9)} ({Predecessor:} 16... f6 17. Be3 Ne6 18. Qd2 Nb6 19. Nb2 a5 20. Rfc1 Red8 21. Qe1 Bb4 22. c3 Bf8 {1-0 (30) Damljanovic,B (2585)-Komljenovic,D (2495) Oviedo 1992}) 17. Bc3 {[%emt 0:06:24] CPLX 2.6 19 (Bd2-e3) (=11)} f6 {[%emt 0:00:42] BESTDEEP} 18. Kh1 {[%emt 0:03:07] CPLX 2.6 11 (Nf5-e3) (=11)} Ndc5 {[%emt 0:16:59] CPLX 2.5 19 (Ra8-d8) (=9)} 19. f3 {[%emt 0:10:21] CPLX 2.6} Bg6 {[%emt 0:08:12] CPLX 2.5 0 (Ra8-d8) (=8)} 20. Qf2 {[%emt 0:03:53] BESTDEEP} Na6 {[%emt 0:07:00] BESTDEEP} 21. Rad1 {[%emt 0:14:37] CPLX 2.4 13 (Qf2-e1) (=10)} Red8 {[%emt 0:06:12] CPLX 2.6 47 (Bg6xf5) (=10)} (21... Bxf5 $142 22. exf5 Bc5) 22. Rd2 {[%emt 0:28:38] CPLX 2.7 40 (Bc3-a5) (=12)} Qd7 $2 {[%mdl 8192] RELBLUND 400 (Na6-b4) (=33)} 23. Rd6 $2 {MISS-Rd2xd7 400 (Rd2xd7) (=35)} (23. Rxd7 $18 Rxd7 24. f4 exf4 25. gxf4) 23... Qc7 {[%mdl 8192] MISS-Bf8xd6 322 (Bf8xd6) (=49)} (23... Bxd6 $17 {stays on course.} 24. Ncxd6 Nd4) 24. Rxd8 $2 {[%emt 0:00:00] MISS-Rd6xe6 173 (Rd6xe6) (=42)} (24. Rxe6 $18 {And now f4 would win.} Nc5 25. Rxe5 $1 (25. Ba5 b6 $11) 25... fxe5 26. Nxe5 (26. Bxe5 Qd7 $14)) 24... Qxd8 $11 {[%emt 0:01:03] RECAPT} 25. f4 {[%emt 0:00:00] CPLX 2.3} Bc5 {[%emt 0:08:50] RELBLUND 66 (e5xf4) (=48)} (25... exf4 $1 $11 26. gxf4 Bxf5) 26. Qe1 {[%emt 0:00:00] White is more active. CPLX 3.1 66 (Nf5-e3) (=41)} (26. Nfe3 $14) 26... exf4 $1 {[%emt 0:03:38] DEEPSTRONG} 27. gxf4 {[%emt 0:00:00] Black must now prevent b4. CPLX 3.2 6 (Nf5-h4) (=40)} Nd4 {[%emt 0:00:57] MISSDEEP-Bg6xf5 80 (Bg6xf5) (=47)} (27... Bxf5 $11 {remains equal.} 28. exf5 Nec7) 28. Bxd4 $16 {[%emt 0:00:00] CPLX 3.2} Bxd4 {[%emt 0:00:32] RECAPT} 29. Ncd6 {[%emt 0:00:00] CPLX 3.0} Bxf5 {[%emt 0:02:45] CPLX 3.6 3 (Ra8-b8) (=43)} 30. Nxf5 {[%emt 0:00:00] aiming for Qg3. MISSDEEP-Nd6xb7 12 (Nd6xb7) (=35)} g6 {[%emt 0:00:49] CPLX 2.7} 31. Qg3 {[%emt 0:00:00] Threatens to win with Rd1. MISSDEEP-Nf5-h6 36 (Nf5-h6) (=35)} Kf7 $2 {[%emt 0:01:56][%mdl 8192] [#] RELBLUND 252 (Kg8-h8) (=49)} (31... Kh8 $14) 32. Nh4 $2 {[%emt 0:00:00] MISSDEEP-Rf1-d1 210 (Rf1-d1) (=42)} (32. Rd1 $1 $18 {[%cal Rd1d4] is the precise move to win.} gxf5 33. Bf1 (33. c3 Qg8 $11)) 32... Qa5 $2 {[%emt 0:01:10] [#] CPLX 3.0 161 (Qd8-e7) (=54)} (32... Qe7 $16) 33. e5 $1 $18 {[%emt 0:00:00] BESTDEEP} Rg8 $2 {[%emt 0:04:04] MISSDEEP-Ra8-d8 374 (Ra8-d8) (=65)} (33... Rd8 34. Nf3 Kg8) 34. Nf3 {[%emt 0:00:00] CPLX 3.8=>BLUNDERREACT} Qc3 {[%emt 0:00:33] BEVAL 400 (Qa5-d8) (=77)} 35. Qh4 {[%emt 0:00:00] Weighted Error Value: White=0.40/Black=0.79} 1-0

[Event "Chhattisgarh Masters GM 2022"]
[Site "Chhattisgarh"]
[Date "2022.09.19"]
[Round "1.11"]
[White "Avinash Ramesh"]
[Black "Vishal Choudary B"]
[Result "1-0"]
[ECO "B39"]
[WhiteElo "2328"]
[BlackElo "2042"]
[Annotator "TA"]
[PlyCount "105"]
[EventDate "2022.09.19"]
[EventCountry "IND"]
[SourceTitle "playchess.com"]
[Source "ChessBase"]
[SourceQuality "1"]
[TimeControl "5400+30"]

1. e4 c5 2. Nf3 Nc6 3. d4 cxd4 4. Nxd4 g6 5. c4 Bg7 6. Be3 Nf6 7. Nc3 Ng4 8. Qxg4 Nxd4 9. Qd1 Ne6 10. Rc1 O-O 11. Be2 d6 12. O-O Bd7 13. Qd2 {[%emt 0:02:15] White is more active. CPLX 2.3 24 (b2-b4) (=24)} Bc6 {[%emt 0:04:32] CPLX 2.3 12 (Ne6-c5) (=12). B39: Sicilian: Maroczy Bind with 5...Bg7 and 7...Ng4.} 14. b4 {[%emt 0:05:35] BESTDEEP} Re8 {[%emt 0:17:42] CPLX 2.5 0 (b7-b6) (=6)} 15. f3 {[%emt 0:01:08] [#] CPLX 2.4 11 (Nc3-d5) (=12)} a6 $146 {[%emt 0:06:25] CPLX 2.4 19 (b7-b6) (=10). White is slightly better.} ({Predecessor:} 15... a5 16. b5 Bd7 17. Na4 Rb8 18. Bb6 Qxb6+ 19. Nxb6 Bd4+ 20. Kh1 Bxb6 21. f4 Nd4 22. f5 gxf5 23. Bd3 fxe4 24. Qg5+ {1-0 (24) Shneider,A (2465)-Nikolenko,O (2435) Kishinev 1987}) 16. Nd5 {[%emt 0:10:14] CPLX 2.4 15 (Rf1-d1) (=13)} Nf8 {[%emt 0:10:28] CPLX 2.6 132 (a6-a5) (=41)} ({Black should try} 16... a5 $14) 17. Bb6 $18 {[%emt 0:01:35] CPLX 2.5} Qd7 {[%emt 0:08:15] CPLX 2.9} 18. Nc7 {[%emt 0:00:35] [#] Hoping for b5. EASY} Ne6 {[%emt 0:02:23] EASY} 19. Nxa8 {[%emt 0:01:59] CPLX 3.2} Rxa8 {[%emt 0:00:17] RECAPT} 20. Be3 {[%emt 0:00:59] CPLX 2.9 19 (Be2-d1) (=9)} b5 {[%emt 0:14:49] CPLX 2.8 52 (Qd7-c7) (=27)} (20... Qc7 {might work better.} 21. h3 a5) 21. Rfd1 {[%emt 0:01:32] CPLX 3.1 0 (Rc1-c2) (=8)} bxc4 {[%emt 0:03:59] CPLX 3.1 33 (Qd7-e8) (=28)} 22. Bxc4 {[%emt 0:00:13] RECAPT} Ba4 {[%emt 0:03:28] CPLX 3.0} 23. Re1 {[%emt 0:01:05] CPLX 3.3 0 (Rd1-f1) (=6)} Bb5 {[%emt 0:00:34] CPLX 3.0 3 (Bg7-f6) (=23)} 24. Bb3 {[%emt 0:02:01] CPLX 3.2 12 (a2-a3) (=7)} Rb8 {[%emt 0:01:28] CPLX 3.3} 25. Red1 {[%emt 0:02:31] CPLX 3.4} Ba4 {[%emt 0:01:29] CPLX 3.4} 26. Rb1 {[%emt 0:01:10] BESTDEEP} Bxb3 {[%emt 0:03:28] CPLX 3.3 20 (h7-h5) (=19)} 27. Rxb3 {[%emt 0:00:49] RECAPT} ({Resist} 27. axb3 $6 Nd8 28. Rbc1 Nc6 $18) 27... Nc7 {[%emt 0:01:39] CPLX 2.9 36 (Qd7-b5) (=20)} 28. Bd4 {[%emt 0:00:42] CPLX 2.8 94 (Rd1-c1) (=11)} Bf8 {[%emt 0:00:56] CPLX 3.2 77 (Bg7xd4) (=24)} (28... Bxd4+ $142 29. Qxd4 Nb5) 29. Rc1 {[%emt 0:01:06] CPLX 3.1} Rb7 {[%emt 0:03:16] CPLX 3.3 68 (Nc7-e6) (=27)} 30. Bb2 {[%emt 0:01:04] CPLX 3.4 46 (Rb3-c3) (=12)} h5 {[%emt 0:04:32] CPLX 3.2 67 (Qd7-b5) (=29)} 31. Qc3 {[%emt 0:00:25][%csl Gb2][%cal Rc3h8] [#] CPLX 3.3} e5 {[%emt 0:00:49] CPLX 4.0 45 (f7-f6) (=30)} 32. Qc6 {[%emt 0:00:08] Against Qa4. CPLX 2.8} Qc8 {[%emt 0:01:47] CPLX 3.4 13 (Qd7xc6) (=29)} 33. f4 {[%emt 0:06:54] BESTDEEP} Qb8 {[%emt 0:00:34] CPLX 3.5 0 (Qc8-a8) (=27)} 34. fxe5 {[%emt 0:00:08] CPLX 3.6 0 (f4-f5) (=10)} Qa7+ {[%emt 0:00:19] CPLX 3.8 22 (d6xe5) (=27)} 35. Kh1 {[%emt 0:00:06] CPLX 3.7} dxe5 {[%emt 0:00:04] CPLX 3.7} 36. Qc3 {[%emt 0:01:08] CPLX 3.2 59 (Bb2xe5) (=12)} Ne6 {[%emt 0:00:39] BESTDEEP} 37. Qxe5 {[%emt 0:02:31][%csl Gb2][%cal Re5h8] EASY} Bg7 {[%emt 0:00:04] Prevents Qh8+. EASY} 38. Qg3 {[%emt 0:00:16] BESTDEEP} Bxb2 {[%emt 0:00:23] CPLX 3.8 10 (Ne6-d4) (=23)} 39. Rxb2 {[%emt 0:00:01] RECAPT} Qd4 {[%emt 0:00:13] CPLX 3.2} 40. Qc3 {[%emt 0:01:12] CPLX 3.9} Qxe4 {[%emt 0:00:06] CPLX 3.5} 41. Re1 {[%emt 0:00:22][%cal Bc1e1,Be1e4,Be4e5,Be5c5,Bc5c6][%mdl 32] CPLX 3.9} Rc7 {[%emt 0:02:11] CPLX 4.3 89 (Qe4-d5) (=24)} 42. Rxe4 {[%emt 0:00:14] Rc4 is the strong threat. CPLX 3.9} Rxc3 {[%emt 0:00:09][%mdl 4096] Endgame KRR-KRN. EASY} 43. h3 {[%emt 0:00:23] CPLX 2.6} Ng5 {[%emt 0:00:51] CPLX 2.4 172 (Kg8-f8) (=28)} (43... Kf8 {keeps fighting.} 44. a4 Rc6) 44. Re5 {[%emt 0:00:39] CPLX 2.6 108 (Re4-e8) (=12). White is clearly winning.} Rc1+ {[%emt 0:00:18] CPLX 2.6 79 (Ng5-e6) (=30)} 45. Kh2 {[%emt 0:00:03] EASY} f5 {[%emt 0:00:04] EVAL 222 (Ng5-e6) (=35)} (45... Ne6 $142 46. a4 Kf8) 46. Rc5 {[%emt 0:02:17] CPLX 2.4} Rd1 {[%emt 0:00:18] EVAL 98 (Rc1xc5) (=37)} 47. Rc6 {[%emt 0:00:12][%csl LRa6,LRg6] EVAL} Kg7 {[%emt 0:00:32] EVAL 64 (Ng5-e4) (=38)} 48. Rxa6 {[%emt 0:00:21] EVAL} Ne4 {[%emt 0:01:51] EVAL 0 (h5-h4) (=37)} 49. g3 {[%emt 0:05:05] CPLX 2.5 32 (b4-b5) (=11)} Nd2 {[%emt 0:00:00] BEVAL 400 (h5-h4) (=47)} 50. Rd6 {[%emt 0:02:21] BEVAL} Nf3+ {[%emt 0:00:28] BEVAL 167 (Nd2-f1) (=50)} 51. Kg2 {[%emt 0:00:07] BEVAL} Rxd6 {[%emt 0:00:28] BEVAL 400 (Nf3-e1) (=59)} 52. Kxf3 {[%emt 0:00:02] BEVAL} g5 {[%emt 0:00:31] BEVAL 0 (h5-h4) (=58)} 53. b5 {[%emt 0:00:08] White took control after the opening.  Weighted Error Value: White=0.13 (very precise) /Black=0.33} 1-0

[Event "Chhattisgarh Masters GM 2022"]
[Site "Chhattisgarh"]
[Date "2022.09.19"]
[Round "1.12"]
[White "Arpan Das"]
[Black "Laxman, R.R."]
[Result "1/2-1/2"]
[ECO "E45"]
[WhiteElo "2314"]
[BlackElo "2388"]
[Annotator "TA"]
[PlyCount "127"]
[EventDate "2022.09.19"]
[EventCountry "IND"]
[SourceTitle "playchess.com"]
[Source "ChessBase"]
[SourceQuality "1"]
[TimeControl "5400+30"]

1. d4 Nf6 2. c4 e6 3. Nc3 Bb4 4. e3 b6 5. Nge2 Ba6 6. a3 Be7 7. Nf4 d5 8. b3 O-O {[%emt 0:01:09] BESTDEEP} 9. Bb2 {[%emt 0:00:50] CPLX 2.3. E45: Nimzo-Indian: Rubinstein: 4...b6 5 Ne2 Ba6.} c6 {[%emt 0:00:34] BESTDEEP} 10. Bd3 {[%emt 0:01:10] CPLX 2.4 8 (g2-g3) (=4)} Bd6 {[%emt 0:08:08] [#] CPLX 2.6 8 (c6-c5) (=3)} 11. Nfe2 $146 {[%emt 0:02:40] CPLX 2.7 8 (0-0) (=5)} ({Predecessor:} 11. O-O Nbd7 12. Rc1 Rc8 13. Nh5 Nxh5 14. Qxh5 f5 15. Qe2 Qh4 16. g3 Qh3 17. f3 {0-1 (63) Akobian,V (2601)-Friedel,J (2484) Las Vegas 2008}) 11... Nbd7 {[%emt 0:03:02] EASY} 12. h3 {[%emt 0:07:57] CPLX 2.3 13 (0-0) (=7)} Bb7 {[%emt 0:07:50] CPLX 2.4 15 (Rf8-e8) (=5)} 13. e4 {[%emt 0:04:59] CPLX 2.3 29 (0-0) (=12)} dxe4 {[%emt 0:00:35] CPLX 2.5 0 (Nf6xe4) (=4)} 14. Nxe4 {[%emt 0:00:07] RECAPT} Nxe4 {[%emt 0:00:05] RECAPT} 15. Bxe4 {[%emt 0:00:04] RECAPT} f5 {[%emt 0:00:51] CPLX 2.5} 16. Bc2 {[%emt 0:03:01] CPLX 2.4} c5 {[%emt 0:02:08] CPLX 2.1 62 (Qd8-g5) (=9)} (16... Qg5 $15 17. Kf1 Rad8) 17. Qd2 $11 {[%emt 0:00:43] DEEPSTRONG} Nf6 {[%emt 0:03:35] CPLX 2.3 0 (Qd8-e7) (=9)} 18. O-O-O {[%emt 0:01:23] BESTDEEP} Qc7 {[%emt 0:03:43] CPLX 2.3 24 (Nf6-e4) (=10)} ({But not} 18... Bxg2 19. Rhg1 Bf3 20. dxc5 (20. Qe3 Bxe2 21. Qxe6+ Kh8 $14) 20... Bxe2 21. Qxe2 Bf4+ 22. Kb1 $16) 19. dxc5 {[%emt 0:09:02] CPLX 2.3} Bxc5 {[%emt 0:00:28] RECAPT} 20. Nd4 {[%emt 0:04:36] CPLX 2.6 30 (f2-f3) (=7)} Rad8 {[%emt 0:06:04] CPLX 2.6 12 (Bc5xd4) (=9)} 21. Qe2 {[%emt 0:23:38] RELBLUND 105 (Nd4xe6) (=15)} (21. Nxe6 $11 Rxd2 22. Nxc7 Rxf2 23. Rhe1) 21... Qf4+ $17 {[%emt 0:00:58] EASY} ({Much less strong is} 21... Bxg2 22. Nxe6 Rde8 23. Rhg1 (23. Nxc7 Rxe2 24. Rhe1 Rxe1 $15) 23... Bxh3 24. Nxc7 $16) 22. Qd2 {[%emt 0:03:32] BESTDEEP} Qxd2+ {[%emt 0:06:00] MISSDEEP-Nf6-h5 80 (Nf6-h5) (=13)} ({Better is} 22... Nh5 $17 {Hoping for ...Bxd4.} 23. Qxf4 Nxf4) 23. Rxd2 $11 {[%emt 0:00:15] RECAPT} Ne4 {[%emt 0:00:12] CPLX 2.4 27 (Kg8-f7) (=14)} 24. Bxe4 {[%emt 0:01:51] EASY} fxe4 {[%emt 0:00:31][%cal Bf5e4,Be4e3][%mdl 32] RECAPT} 25. b4 {[%emt 0:05:07] RELBLUND 87 (Rh1-d1) (=16)} (25. Rhd1 $11) 25... Be7 $15 {[%emt 0:00:02] CPLX 2.7=>BLUNDERREACT} 26. Rc2 {[%emt 0:00:41] CPLX 2.3 23 (Rd2-e2) (=17)} Bg5+ {[%emt 0:08:31] CPLX 2.2 28 (Rf8-f6) (=13)} 27. Kb1 {[%emt 0:00:08] EASY} Rfe8 {[%emt 0:00:02] CPLX 2.2 21 (e4-e3) (=14)} 28. Re1 {[%emt 0:02:13] CPLX 2.1 11 (h3-h4) (=16)} e3 $36 {[%emt 0:07:16][%mdl 2048] [#] Strongly threatening ...e5. Black has the initiative. BESTDEEP} 29. f3 $1 {[%emt 0:00:44] DEEPSTRONG} e5 {[%emt 0:01:16] CPLX 2.5 0 (Bg5-f4) (=13)} 30. Nf5 {[%emt 0:01:41] CPLX 2.6} Rd3 {[%emt 0:03:34] CPLX 2.7 34 (Bb7-c8) (=14)} (30... Bc8 $5 31. Nxe3 e4 $17) 31. Rc3 {[%emt 0:03:14] CPLX 2.7 0 (Rc2-e2) (=14)} Rdd8 {[%emt 0:22:40] CPLX 3.1 8 (e5-e4) (=13)} (31... e4 {keeps more tension.} 32. Rxd3 exd3 33. Bc1 Be4) 32. Nxe3 {[%emt 0:07:29] RELBLUND 54 (Rc3-c2) (=15)} (32. Rc2 $11) 32... e4 $1 {[%emt 0:00:04] DEEPSTRONG} 33. fxe4 {[%emt 0:01:13] CPLX 2.1 32 (f3-f4) (=16)} Bxe4+ {[%emt 0:00:05] RECAPT} 34. Ka1 {[%emt 0:04:07] CPLX 2.0 74 (Kb1-a2) (=18)} (34. Ka2 $17 {was called for.}) 34... Bd3 {[%emt 0:05:37] CPLX 2.0 58 (Be4-g6) (=14)} (34... Bg6 $19 35. a4 Re4) 35. Nc2 $17 {[%emt 0:02:56] EASY} Rf8 {[%emt 0:01:20] RELBLUND 109 (Re8xe1) (=17)} (35... Rxe1+ $17 36. Nxe1 Bf1) 36. Rd1 {[%emt 0:01:32] CPLX 2.1 22 (Nc2-e3) (=18)} Bg6 {[%emt 0:01:17] A strong pair of Bishops. CPLX 2.2 22 (Rf8-f1) (=18)} 37. Rxd8 {[%emt 0:01:23] CPLX 2.3} Rxd8 {[%emt 0:00:03] RECAPT} 38. Ne3 {[%emt 0:00:45] CPLX 2.0 9 (Rc3-g3) (=17)} Rd2 {[%emt 0:00:32] CPLX 2.0 19 (b6-b5) (=17)} 39. Nd5 {[%emt 0:02:18] RELBLUND 106 (Bb2-c1) (=20)} (39. Bc1 $11 {keeps the balance.} Bxe3 40. Rxe3) 39... Rxg2 {[%emt 0:00:45] EASY} 40. Bc1 {[%emt 0:00:23] CPLX 2.1 6 (a3-a4) (=19)} Rg1 {[%emt 0:01:58] CPLX 2.3} 41. Kb2 {[%emt 0:00:06] EASY} Rg2+ {[%emt 0:00:10] CPLX 2.1 100 (Rg1xc1) (=18)} (41... Rxc1 $17 42. Rxc1 Bxc1+ 43. Kxc1 Bf7) 42. Kb3 {[%emt 0:00:16] CPLX 2.0 0 (Kb2-a1) (=18)} Bxc1 {[%emt 0:01:07] CPLX 2.1 0 (Bg6-h5) (=18)} 43. Rxc1 $11 {[%emt 0:00:57][%mdl 4096] Endgame KRB-KRN. RECAPT} Bf7 {[%emt 0:00:17][%cal Ob6b5] BESTDEEP} 44. Ne7+ {[%emt 0:01:49] BESTDEEP} Kf8 {[%emt 0:00:02] CPLX 2.0} 45. Nc8 {[%emt 0:01:25] CPLX 2.0 0 (Ne7-c6) (=17)} b5 $1 {[%emt 0:02:35][%cal Bb6b5,Bb5c4][%mdl 32] DEEPSTRONG} 46. Nd6 {[%emt 0:00:50] MISS-Rc1-f1 68 (Rc1-f1) (=18)} ({White should play} 46. Rf1 $11 Kg8 47. Ne7+ Kf8 48. Nc8 bxc4+ 49. Ka4) 46... bxc4+ $1 $15 {[%emt 0:00:20] CPLX 2.3} 47. Ka4 {[%emt 0:00:57] [#] Threatens to win with Rf1. CPLX 2.1 0 (Kb3-c3) (=18)} Be6 {[%emt 0:01:03] CPLX 2.2} 48. Ka5 {[%emt 0:00:52] CPLX 2.2 0 (b4-b5) (=17)} Rg3 {[%emt 0:01:44] CPLX 2.2 34 (h7-h5) (=16)} 49. a4 {[%emt 0:00:07] CPLX 2.3} Rxh3 {[%emt 0:00:24] aiming for ...g5. CPLX 2.3 19 (h7-h5) (=16)} 50. Nxc4 {[%emt 0:00:14] CPLX 2.2 46 (b4-b5) (=17)} (50. b5 $11) 50... Bxc4 {[%emt 0:00:23] CPLX 2.0 54 (g7-g5) (=17)} (50... g5 $15 51. b5 Rh4) 51. Rxc4 $11 {[%emt 0:02:01] KR-KR. RECAPT. The position is equal.} Re3 {[%emt 0:00:08] BESTDEEP} 52. Ka6 {[%emt 0:00:00] BESTDEEP} Re7 {[%emt 0:00:44] CPLX 2.0} (52... Ra3 53. b5 Ke7 54. Kxa7 $18) 53. Rc5 {[%emt 0:00:00] CPLX 2.0} Kf7 {[%emt 0:00:16] CPLX 2.0 0 (g7-g6) (=16)} 54. b5 {[%emt 0:00:00] CPLX 2.0} Kf6 55. a5 g5 56. b6 {[%emt 0:00:00] EASY} axb6 {[%emt 0:00:07] EASY} 57. axb6 {[%emt 0:00:02] RECAPT} h5 {[%emt 0:00:23] BESTDEEP} 58. b7 {[%emt 0:00:44] MISS-Rc5-c6 0 (Rc5-c6) (=15)} Rxb7 {[%emt 0:00:04] BESTDEEP} 59. Kxb7 {[%emt 0:00:02] KR-KPP. RECAPT} h4 {[%emt 0:00:06] CPLX 2.0} 60. Kc6 {[%emt 0:00:13] CPLX 2.2 0 (Rc5-a5) (=14)} h3 {[%emt 0:00:22] And now ...h2 would win. CPLX 2.1} 61. Kd5 {[%emt 0:01:20] CPLX 2.5 0 (Rc5-c1) (=14)} Kf5 {[%emt 0:00:02] CPLX 2.4} 62. Rc8 {[%emt 0:00:00] CPLX 2.4 0 (Rc5-c1) (=14)} Kf4 {[%emt 0:00:00] CPLX 2.4} 63. Rf8+ {[%emt 0:00:00] CPLX 2.4 0 (Rc8-c1) (=14)} Kg3 {[%emt 0:00:00] CPLX 2.4} 64. Ke4 {[%emt 0:00:00] Weighted Error Value: White=0.20 (precise) /Black=0.15 (very precise)} 1/2-1/2